 Dungeon Crawl Stone Soup version 0.27.0-1-g7a089689b8 (webtiles) character file.

Game seed: 13814150499020601159

77 seveneves the Skirmisher (level 4, -1/40 HPs)
             Began as a Minotaur Fighter on Aug 3, 2021.
             Succumbed to an adder's poison
             ... on level 4 of the Dungeon.
             The game lasted 00:04:00 (1091 turns).

seveneves the Skirmisher (Minotaur Fighter)         Turns: 1091, Time: 00:04:01

Health: -1/40      AC:  7    Str: 22    XL:     4   Next: 13%
Magic:  3/3        EV:  7    Int:  5    God:
Gold:   80         SH:  9    Dex:  9    Spells: 3/3 levels left

rFire    . . .     SeeInvis .   a - +0 long sword
rCold    . . .     Faith    .   c - +0 kite shield
rNeg     . . .     Spirit   .   b - +0 scale mail
rPois    .         Reflect  .   (helmet restricted)
rElec    .         Harm     .   (no cloak)
rCorr    .         Rampage  .   (no gloves)
Will     .....                  (no boots)
Stlth    ..........             (no amulet)
HPRegen  0.13/turn              (no ring)
MPRegen  0.08/turn              (no ring)

@: mighty, lethally poisoned (-1 -> -9)
A: horns 2, retaliatory headbutt
a: no special abilities


You were on level 4 of the Dungeon.
You visited 1 branch of the dungeon, and saw 3 of its levels.

You collected 80 gold pieces.

Inventory:

Hand Weapons
 a - a +0 long sword (weapon)
Armour
 b - a +0 scale mail (worn)
 c - a +0 kite shield (worn)
Scrolls
 e - a scroll of enchant armour {unknown}
 g - a scroll of fear {unknown}
 h - 3 scrolls of identify {unknown}
Potions
 d - a potion of might
 f - a potion of lignification {unknown}


   Skills:
 + Level 4.2 Fighting
 + Level 3.7 Long Blades
 + Level 4.2 Armour
 + Level 0.4 Dodging
 + Level 4.1 Shields


You had 3 spell levels left.
You didn't know any spells.
Your spell library contained the following spells:

 Spells                   Type           Power      Damage    Failure   Level
 Animate Skeleton         Necr           0%         N/A       99%         1
 Apportation              Tloc           0%         N/A       99%         1
 Corona                   Hex            0%         N/A       99%         1
 Summon Small Mammal      Summ           0%         N/A       99%         1


Dungeon Overview and Level Annotations

Branches:
Dungeon (4/15)             Temple (0/1) D:4

Altars:


Innate Abilities, Weirdness & Mutations

You have a pair of horns on your head.
You reflexively headbutt those who attack you in melee.


Message History

You feel very mighty all of a sudden. The adder bites you.
You are poisoned.
The adder poisons you! The orc hits you with a +0 mace.
The orc barely misses you. You block the orc's attack.
The orc wizard mumbles some strange words.
The orc wizard flickers and vanishes!
Deactivating autopickup; reactivate with Ctrl-A.
You closely miss the orc.
You feel sick. You block the adder's attack.
The orc hits you but does no damage.
The orc hits you from afar with a +0 trident.
* * * LOW HITPOINT WARNING * * *
The orc barely misses you.
You riposte.
You barely miss the orc. You block the adder's attack.
The orc barely misses you. You furiously retaliate!
You headbutt the orc!!
You kill the orc!
The orc hits you but does no damage. You block the orc's attack.
You feel sick. The adder barely misses you.
You riposte.
You closely miss the adder. Your headbutt misses the adder.
The adder bites you but does no damage.
The orc hits you from afar with a +0 trident.
* * * LOW HITPOINT WARNING * * *
You block the orc's attack.
You see here a +0 mace.
You barely miss the adder.
You feel sick.
An adder comes into view.
Something hits you but does no damage. The adder bites you.
* * * LOW HITPOINT WARNING * * *
You are lethally poisoned!
The adder poisons you!
The orc hits you from afar with a +0 trident.
* * * LOW HITPOINT WARNING * * *
The orc barely misses you.
You hear some strange, mumbled words.
A magic dart appears from out of thin air!
The magic dart hits you.
* * * LOW HITPOINT WARNING * * *
You block the adder's attack.
You miss the adder.
You die...

#### #...###. .###...
........ ....... #......
....... ...... .......
#S..# .###... #######oo#
##.. #.....oS{# #..
#.....)@.# #(.
#........##### ###..
+>...........# #....
#............# #....
#............#######....
#.....#######...........
#.....# #.........>.
#.....# #...........
#.....# #...........


You could see 2 adders and 3 orcs.

Vanquished Creatures
  A hound (D:4)
  2 dart slugs (D:1)
  2 orcs (D:4)
  3 bats
  9 endoplasms
  A giant cockroach (D:1)
  4 goblins
  2 hobgoblins (D:1)
  2 quokkas
  2 ball pythons (D:1)
  3 frilled lizards (D:1)
  5 kobolds
  3 rats (D:1)
39 creatures vanquished.

Notes
Turn   | Place    | Note
-------+----------+-------------------------------------------
     0 | D:1      | seveneves the Minotaur Fighter began the quest for the Orb.
     0 | D:1      | Reached XP level 1. HP: 19/19 MP: 0/0
    84 | D:1      | Reached XP level 2. HP: 20/27 MP: 1/1
   372 | D:1      | Reached XP level 3. HP: 23/33 MP: 2/2
   954 | D:2      | You fall into a shaft and drop 2 floors!
   962 | D:4      | Reached XP level 4. HP: 38/40 MP: 3/3
  1038 | D:4      | Found a staircase to the Ecumenical Temple.
  1090 | D:4      | HP: 1/40 [something/magic dart (4)]
  1091 | D:4      | Succumbed to an adder's poison

Illustrated notes

Levels and vault maps discovered:
D:1:      dpeg_arrival_tiny_a, layout_loops_ring
D:2:      layout_basic, basic_altar, chequers_garden, corexii_leaking_fountain,
          uniq_crazy_yiuf_cottage, uniq_sigmund
D:4:      layout_gridville, nicolae_dithmenos_shadow_blocks,
          minmay_temple_entry_hall, st_stairs_10, grunt_ministairs_6,
          uniq_menkaure

Skill      XL: |  1  2  3 |
---------------+----------+-----
Shields        | 4 |  4.1
Fighting       | 4 |  4.2
Armour         | 4 |  4.2
Long Blades    | 3 |  3.7
Dodging        | |  0.4

Action                   |  1- 3 |  4- 6 || total
-------------------------+-------+-------++-------
Melee: Long sword        |    85 |    12 ||    97
       Headbutt          |     8 |     1 ||     9
  Use: Scroll            |     1 |       ||     1
       Potion            |       |     1 ||     1
Armor: Scale mail        |    32 |     8 ||    40
Dodge: Dodged            |    26 |     9 ||    35
Block: Kite shield       |    40 |    12 ||    52
       Rpst.: Long sword |     4 |     3 ||     7
